 Dungeon Crawl Stone Soup version 0.21.1-72-gffa868e (webtiles) character file.

156 Limpidissima the Magician (level 5, -6/39 HPs)
             Began as a Mummy Wizard on Aug 3, 2018.
             Was an Initiate of Yredelemnul.
             Killed by divine providence
             ... invoked by an orc priest
              (9 damage)
             ... on level 3 of the Dungeon.
             The game lasted 00:18:06 (4161 turns).

Limpidissima the Magician (Mummy Wizard)            Turns: 4161, Time: 00:18:06

Health: -6/39      AC:  3    Str: 10    XL:     5   Next: 14%
Magic:  0/12       EV: 12    Int: 19    God:    Yredelemnul [......]
Gold:   146        SH:  0    Dex: 10    Spells: 5/14 levels left

rFire    x . .     SeeInvis .   e - -2 dagger
rCold    + . .     Gourm    .   (no shield)
rNeg     + + +     Faith    .   a - +0 robe
rPois    ∞         Spirit   +   b - +0 hat
rElec    .         Reflect  .   (no cloak)
rCorr    .         Harm     .   j - +0 pair of gloves
MR       +....                  (no boots)
Stlth    ++........             l - amulet of guardian spirit
HPRegen  0.13/turn              d - ring of protection from magic
MPRegen  0.13/turn              (no ring)

@: no status effects
A: no food or potions, fire vulnerability, cold resistance 1, negative energy
resistance 3, torment resistance, unbreathing
a: Renounce Religion


You were on level 3 of the Dungeon.
You worshipped Yredelemnul.
Yredelemnul was noncommittal.
You were not hungry.

You visited 1 branch of the dungeon, and saw 3 of its levels.

You collected 146 gold pieces.

Inventory:

Hand Weapons
 e - a -2 dagger (weapon)
Armour
 a - a +0 robe (worn)
 b - a +0 hat (worn)
 j - a +0 pair of gloves (worn)
Jewellery
 d - a ring of protection from magic (left hand)
 l - an amulet of guardian spirit (around neck)
Scrolls
 g - 6 scrolls of identify {unknown}
 i - a scroll of magic mapping {unknown}
 k - 2 scrolls of teleportation {unknown}
Books
 c - a book of Minor Magic

   Spells                             Type                      Level
   a - Magic Dart                     Conjuration                  1
   b - Blink                          Translocation                2
   c - Call Imp                       Summoning                    2
   d - Slow                           Hexes                        2
   e - Conjure Flame                  Conjuration/Fire             3
   f - Mephitic Cloud                 Conjuration/Poison/Air       3


   Skills:
 * Level 2.5 Fighting
 + Level 2.2 Dodging
 - Level 1.5 Stealth
 + Level 5.3 Spellcasting
 - Level 1.8 Conjurations
 - Level 0.7 Summonings
   Level 0.7 Translocations


You had 5 spell levels left.
You knew the following spells:

 Your Spells              Type           Power        Failure   Level  Hunger
a - Magic Dart            Conj           ##..         5%          1    N/A
b - Call Imp              Summ           #.......     14%         2    N/A
c - Mephitic Cloud        Conj/Pois/Air  #.......     28%         3    N/A
d - Conjure Flame         Conj/Fire      #.......     24%         3    N/A

Dungeon Overview and Level Annotations

Branches:
Dungeon (3/15)

Altars:
Fedhas
Kikubaaqudgha
Yredelemnul

Annotations:
D:3 Ijyb


Innate Abilities, Weirdness & Mutations

You do not eat or drink.
Your flesh is vulnerable to fire.
You are immune to poison.
Your flesh is cold resistant. (rC+)
You are immune to negative energy. (rN+++)
You are immune to unholy pain and torment.
You can survive without breathing.


Message History

Okay, then.
An orc wizard comes into view. It is wielding a dagger of speed.
Found a ration.
The orc wizard shouts!
Found 15 gold pieces.
As you read the scroll labeled DUOCSU FEPHIJ, it crumbles to dust.
The creatures around you are filled with an inner flame!
It was a scroll of immolation.
The orc wizard mumbles some strange words.
The orc wizard flickers and vanishes!
Deactivating autopickup; reactivate with Ctrl-A.
The orc priest hits you with a club.
* * * LOW HITPOINT WARNING * * *
Ijyb the Twisted Goblin comes into view.
Ijyb shouts!
Found a whip.
The orc priest calls down the wrath of Beogh upon you.
Beogh smites you!
You die...
Yredelemnul claims you as an undead slave.

... #.# #.#
#<# #.# # #.#
#.#
#(##.########
#.#
#.......o...#
#.#
####?######.#
#.# #.#
#o####.#######
####.#
#.#.o.@...g..)
#..o.#
#.#.##.#######
#.####
#....o.# #.#
##..##.# #.##
#...##..# #
#..# ##.####.#
#. ##.# #.. ..
#. #.# #.. ...
# #o# #...
.$..


You could see Ijyb, an orc priest (inner flame) and an orc (inner flame).

Vanquished Creatures
  An ogre (D:2)
  2 adders (D:2)
  2 oozes
  A dart slug (D:1)
  2 leopard geckos (D:2)
  A giant cockroach (D:1)
  4 goblins
  2 hobgoblins
  10 jackals
  A quokka (D:2)
  3 bats
  A frilled lizard (D:2)
  3 kobolds
  3 rats
36 creatures vanquished.

Vanquished Creatures (collateral kills)
  A worm (D:2)
  A bat (D:2)
  A goblin (D:2)
3 creatures vanquished.

Grand Total: 39 creatures vanquished

Notes
Turn   | Place    | Note
-------+----------+-------------------------------------------
     0 | D:1      | Limpidissima the Mummy Wizard began the quest for the Orb.
     0 | D:1      | Reached XP level 1. HP: 13/13 MP: 5/5
   171 | D:1      | Reached skill level 1 in Conjurations
   564 | D:1      | Reached XP level 2. HP: 19/19 MP: 2/7
  1084 | D:2      | Found a basalt altar of Yredelemnul.
  1086 | D:2      | Noticed Terence
  1087 | D:2      | Found an ancient bone altar of Kikubaaqudgha.
  1883 | D:2      | Reached XP level 3. HP: 10/24 MP: 2/9
  2625 | D:2      | Found a blossoming altar of Fedhas.
  2628 | D:2      | Noticed an ogre
  2730 | D:2      | Killed an ogre
  2730 | D:2      | Reached skill level 5 in Spellcasting
  2730 | D:2      | Reached XP level 4. HP: 33/33 MP: 0/11
  3121 | D:2      | Reached XP level 5. HP: 22/39 MP: 3/12
  3336 | D:2      | Learned a level 2 spell: Call Imp
  3340 | D:2      | Learned a level 3 spell: Mephitic Cloud
  3344 | D:2      | Learned a level 3 spell: Conjure Flame
  3712 | D:2      | Became a worshipper of Yredelemnul the Dark
  4160 | D:3      | Noticed Ijyb
  4161 | D:3      | Killed from afar by an orc priest

Skill      XL: |  1  2  3 |
---------------+----------+-----
Conjurations   | 1 |  1.8
Fighting       | 2 |  2.5
Dodging        | 2 |  2.2
Spellcasting   | 5 |  5.3
Stealth        | |  1.5
Summonings     | |  0.7
Translocations | |  0.7

Action                   |  1- 3 |  4- 6 || total
-------------------------+-------+-------++-------
Melee: Dagger            |    12 |    19 ||    31
 Cast: Magic Dart        |    89 |    66 ||   155
       Conjure Flame     |       |     4 ||     4
       Call Imp          |       |     4 ||     4
  Use: Scroll            |     1 |     1 ||     2
 Stab: Sleeping          |     1 |     1 ||     2
Armor: Robe              |    14 |    13 ||    27
Dodge: Dodged            |    69 |    30 ||    99
